[Event "GambitGuide"]
[Site "Internet Chess Club"]
[Date "2014.10.31"]
[Round "1"]
[White "JSBach"]
[Black "JoseLL23"]
[Result "1-0"]
[ICCResult "Black resigns"]
[WhiteElo "1602"]
[BlackElo "1601"]
[Opening "Vienna: `Frankenstein-Dracula' variation"]
[ECO "C27"]
[NIC "VG.02"]
[Time "12:42:44"]
[TimeControl "120+12"]

1. e4 e5 2. Nc3 Nf6 3. Bc4 Nxe4 4. Qh5 Nd6 5. Bb3 Nc6 6. Nb5 g6 7. Qf3 f5 8.
Qd5 Qe7 9. Nxc7+ Kd8 10. Nxa8 b6 11. d3 Bb7 12. Nxb6 axb6 13. Qf3 Bg7 14.
Be3 b5 15. Bd5 Re8 16. Bb6+ Kc8 17. Ne2 e4 18. dxe4 Bxb2 19. Rb1 fxe4 20.
Bxe4 Ba3 21. Qxa3 Qxe4 22. Qf3 Qxf3 23. gxf3 Ne5 24. Bc5 Nxf3+ 25. Kd1 Ne4
26. Be3 Bc6 27. h4 Ne5 28. Rf1 Nc4 29. c3 Nxe3+ 30. fxe3 Nd6 31. Nd4 Rxe3
32. Rb3 Rh3 33. Rf6 Kc7 34. Rf4 Nc4 35. Nxb5+ Bxb5 36. Rxb5 Nd6 37. Rc5+ Kd8
38. a4 Rd3+ 39. Ke2 Rh3 40. a5 Rh1 41. a6 Ra1 42. Rf8+ Ke7 43. Ra8 Nf5 44.
Rc4 {Black resigns} 1-0

[Event "GambitGuide"]
[Site "Internet Chess Club"]
[Date "2014.10.31"]
[Round "1"]
[White "JSBach"]
[Black "baggieboy"]
[Result "1-0"]
[ICCResult "Black resigns"]
[WhiteElo "1602"]
[BlackElo "1255"]
[Opening "Vienna: `Frankenstein-Dracula' variation"]
[ECO "C27"]
[NIC "VG.02"]
[Time "12:47:44"]
[TimeControl "120+12"]

1. e4 e5 2. Nc3 Nf6 3. Bc4 Nxe4 4. Qh5 Nd6 5. Bb3 Nc6 6. Nb5 g6 7. Qf3 f5 8.
Qd5 Qe7 9. Nxc7+ Kd8 10. Nxa8 b6 11. d3 Bb7 12. Nxb6 axb6 13. Qf3 Na5 14.
Qe3 Bg7 15. Qxb6+ Ke8 16. Qxa5 e4 17. Kf1 exd3 18. cxd3 Bd4 19. Bd5 Qh4 20.
g3 Qg4 21. Qe1+ Kf8 22. Bh6+ {Black resigns} 1-0

[Event "GambitGuide"]
[Site "Internet Chess Club"]
[Date "2014.10.31"]
[Round "1"]
[White "JSBach"]
[Black "Heian"]
[Result "1-0"]
[ICCResult "Black resigns"]
[WhiteElo "1602"]
[BlackElo "1562"]
[Opening "Vienna: `Frankenstein-Dracula' variation"]
[ECO "C27"]
[NIC "VG.02"]
[Time "12:49:32"]
[TimeControl "120+12"]

1. e4 e5 2. Nc3 Nf6 3. Bc4 Nxe4 4. Qh5 Nd6 5. Bb3 Nc6 6. Nb5 g6 7. Qf3 f5 8.
Qd5 Qe7 9. Nxc7+ Kd8 10. Nxa8 b6 11. d3 Bb7 12. Nxb6 axb6 13. Qf3 e4 14.
dxe4 Nxe4 15. Be3 Bg7 16. Bxb6+ Kc8 17. Qe3 Nd4 18. Bxd4 Bxd4 19. Qxd4 Ng3+
20. Kd1 Bxg2 21. Qxh8+ Kc7 22. fxg3 Bxh1 23. a4 Qc5 24. Ne2 Bf3 25. Ke1 Qe3
26. Qc3+ Qxc3+ 27. Nxc3 {Black resigns} 1-0

[Event "GambitGuide"]
[Site "Internet Chess Club"]
[Date "2014.10.31"]
[Round "1"]
[White "JSBach"]
[Black "Molineux"]
[Result "1-0"]
[ICCResult "Black resigns"]
[WhiteElo "1602"]
[BlackElo "1511"]
[Opening "Vienna: `Frankenstein-Dracula' variation"]
[ECO "C27"]
[NIC "VG.02"]
[Time "12:49:47"]
[TimeControl "120+12"]

1. e4 e5 2. Nc3 Nf6 3. Bc4 Nxe4 4. Qh5 Nd6 5. Bb3 Nc6 6. Nb5 g6 7. Qf3 f5 8.
Qd5 Qe7 9. Nxc7+ Kd8 10. Nxa8 b6 11. d3 Bb7 12. Nxb6 axb6 13. Qf3 Kc7 14. c3
Bg7 15. Bd5 Rb8 16. Bd2 e4 17. dxe4 fxe4 18. Qh3 Bf6 19. Rd1 Ne5 20. Bxb7
Rxb7 21. Kf1 Nec4 22. Bf4 Nxb2 23. Bxd6+ Qxd6 24. Rxd6 Kxd6 25. Qxh7 Nd3 26.
Qxg6 Ke6 27. Qxe4+ {Black resigns} 1-0

[Event "GambitGuide"]
[Site "Internet Chess Club"]
[Date "2014.10.31"]
[Round "1"]
[White "JSBach"]
[Black "baggieboy"]
[Result "1-0"]
[ICCResult "Black resigns"]
[WhiteElo "1602"]
[BlackElo "1255"]
[Opening "Vienna: `Frankenstein-Dracula' variation"]
[ECO "C27"]
[NIC "VG.02"]
[Time "12:50:28"]
[TimeControl "120+12"]

1. e4 e5 2. Nc3 Nf6 3. Bc4 Nxe4 4. Qh5 Nd6 5. Bb3 Nc6 6. Nb5 g6 7. Qf3 f5 8.
Qd5 Qe7 9. Nxc7+ Kd8 10. Nxa8 b6 11. d3 e4 12. dxe4 Nxe4 13. Be3 Bh6 14.
Nxb6 Bxe3 15. fxe3 Re8 16. Nxc8 Kxc8 17. Qf7 Qe5 18. Nf3 Qa5+ 19. Kf1 Nd2+
20. Ke2 Nxf3 21. Qxe8+ Kc7 22. gxf3 Ne5 23. Qe7 Qb5+ 24. Kf2 f4 25. exf4
Nxf3 26. Kxf3 {Black resigns} 1-0

[Event "GambitGuide"]
[Site "Internet Chess Club"]
[Date "2014.10.31"]
[Round "1"]
[White "JSBach"]
[Black "JoseLL23"]
[Result "1-0"]
[ICCResult "Black resigns"]
[WhiteElo "1602"]
[BlackElo "1601"]
[Opening "Vienna: `Frankenstein-Dracula' variation"]
[ECO "C27"]
[NIC "VG.02"]
[Time "12:50:11"]
[TimeControl "120+12"]

1. e4 e5 2. Nc3 Nf6 3. Bc4 Nxe4 4. Qh5 Nd6 5. Bb3 Nc6 6. Nb5 g6 7. Qf3 f5 8.
Qd5 Qe7 9. Nxc7+ Kd8 10. Nxa8 b6 11. d3 Bb7 12. Nxb6 axb6 13. Qf3 Bg7 14.
Be3 b5 15. Bd5 Re8 16. Bc5 Qf6 17. Rd1 Nd4 18. Bxd4 exd4+ 19. Kf1 Bxd5 20.
Qxd5 Qe5 21. Qxe5 Rxe5 22. Nf3 Rc5 23. Rd2 Bh6 24. Re2 Ne8 25. Nxd4
{Black resigns}
1-0

[Event "GambitGuide"]
[Site "Internet Chess Club"]
[Date "2014.10.31"]
[Round "1"]
[White "JSBach"]
[Black "Pdforma"]
[Result "1-0"]
[ICCResult "Black resigns"]
[WhiteElo "1602"]
[BlackElo "1400"]
[Opening "Vienna: `Frankenstein-Dracula' variation"]
[ECO "C27"]
[NIC "VG.02"]
[Time "12:50:41"]
[TimeControl "120+12"]

1. e4 e5 2. Nc3 Nf6 3. Bc4 Nxe4 4. Qh5 Nd6 5. Bb3 Nc6 6. Nb5 g6 7. Qf3 f5 8.
Qd5 Qe7 9. Nxc7+ Kd8 10. Nxa8 b6 11. d3 Bb7 12. Nxb6 axb6 13. Qf3 Kc7 14.
Bd2 Nd4 15. Qg3 f4 16. Qg4 h5 17. Qxg6 Rh6 18. Qg8 e4 19. Bxf4 exd3+ 20. Kf1
Bxg2+ 21. Qxg2 {Black resigns} 1-0

[Event "GambitGuide"]
[Site "Internet Chess Club"]
[Date "2014.10.31"]
[Round "1"]
[White "JSBach"]
[Black "Heian"]
[Result "1-0"]
[ICCResult "Black checkmated"]
[WhiteElo "1602"]
[BlackElo "1562"]
[Opening "Vienna: `Frankenstein-Dracula' variation"]
[ECO "C27"]
[NIC "VG.02"]
[Time "12:50:49"]
[TimeControl "120+12"]

1. e4 e5 2. Nc3 Nf6 3. Bc4 Nxe4 4. Qh5 Nd6 5. Bb3 Nc6 6. Nb5 g6 7. Qf3 f5 8.
Qd5 Qe7 9. Nxc7+ Kd8 10. Nxa8 b6 11. d3 Bb7 12. Nxb6 axb6 13. Qf3 Kc7 14.
Bd2 Nd4 15. Qg3 Bg7 16. Bg5 Bf6 17. Bxf6 Qxf6 18. c3 Nxb3 19. axb3 Re8 20.
Ne2 Re7 21. Ra7 Kb8 22. Ra2 Kc7 23. Ra7 Nb5 24. Ra4 Bc6 25. Rc4 Kb7 26. Rf1
e4 27. d4 Nd6 28. Rb4 g5 29. Qe3 f4 30. Qd2 e3 31. fxe3 Rxe3 32. Qxe3 fxe3
33. Rxf6 Ne4 34. Rh6 Nd2 35. Rxh7 Bxg2 36. Rxd7+ Kc6 37. Re7 Be4 38. Re6+
Kd7 39. Rbxb6 Bc2 40. Rxe3 Nxb3 41. Rb7+ Kc6 42. Rg7 Bb1 43. c4 Nc1 44. Re6#
{Black checkmated}
1-0

[Event "GambitGuide"]
[Site "Internet Chess Club"]
[Date "2014.10.31"]
[Round "1"]
[White "JSBach"]
[Black "Molineux"]
[Result "1-0"]
[ICCResult "Black resigns"]
[WhiteElo "1602"]
[BlackElo "1511"]
[Opening "Vienna: `Frankenstein-Dracula' variation"]
[ECO "C27"]
[NIC "VG.02"]
[Time "12:52:09"]
[TimeControl "120+12"]

1. e4 e5 2. Nc3 Nf6 3. Bc4 Nxe4 4. Qh5 Nd6 5. Bb3 Nc6 6. Nb5 g6 7. Qf3 f5 8.
Qd5 Qe7 9. Nxc7+ Kd8 10. Nxa8 b6 11. d3 Nb4 12. Qf3 Nc6 13. Nh3 Bb7 14. Bg5
{Black resigns}
1-0

[Event "GambitGuide"]
[Site "Internet Chess Club"]
[Date "2014.10.31"]
[Round "1"]
[White "JSBach"]
[Black "nsideurheadbro"]
[Result "1-0"]
[ICCResult "Black checkmated"]
[WhiteElo "1602"]
[BlackElo "1184"]
[Opening "Vienna: `Frankenstein-Dracula' variation"]
[ECO "C27"]
[NIC "VG.02"]
[Time "12:46:45"]
[TimeControl "120+12"]

1. e4 e5 2. Nc3 Nf6 3. Bc4 Nxe4 4. Qh5 Nd6 5. Bb3 Nc6 6. Nb5 g6 7. Qf3 f5 8.
Qd5 Qe7 9. Nxc7+ Kd8 10. Nxa8 b6 11. d3 Bb7 12. Nxb6 axb6 13. Qf3 Nd4 14.
Qg3 f4 15. Qg4 h5 16. Qxg6 Rh6 17. Qg8 Rf6 18. Ba4 b5 19. Bb3 e4 20. Kf1 e3
21. c3 e2+ 22. Ke1 Nxb3 23. axb3 Kc7 24. f3 Bh6 25. Bd2 Nf5 26. Ra7 Rd6 27.
Qa8 Rb6 28. Nxe2 h4 29. Rg1 Ne3 30. Kf2 Qc5 31. d4 Qd5 32. Nxf4 Bxf4 33.
Bxe3 Bxe3+ 34. Kxe3 Qg5+ 35. Ke2 Re6+ 36. Kd1 Rb6 37. b4 Qd5 38. Qh8 Qb3+
39. Kc1 Re6 40. Ra3 Qc4 41. Qxh4 Re2 42. Qg3+ d6 43. Re1 Qd3 44. Rxe2 Qxe2
45. h4 Bd5 46. Qg7+ Kb8 47. h5 Qe3+ 48. Kd1 Bc4 49. Qa7+ Kc8 50. Qa8+ Kd7
51. Ra7+ Ke6 52. Qe8+ Kd5 53. Qf7+ Kc6 54. Qb7# {Black checkmated} 1-0

[Event "GambitGuide"]
[Site "Internet Chess Club"]
[Date "2014.10.31"]
[Round "1"]
[White "JSBach"]
[Black "JoseLL23"]
[Result "1-0"]
[ICCResult "Black checkmated"]
[WhiteElo "1602"]
[BlackElo "1601"]
[Opening "Vienna: `Frankenstein-Dracula' variation"]
[ECO "C27"]
[NIC "VG.02"]
[Time "12:52:06"]
[TimeControl "120+12"]

1. e4 e5 2. Nc3 Nf6 3. Bc4 Nxe4 4. Qh5 Nd6 5. Bb3 Nc6 6. Nb5 g6 7. Qf3 f5 8.
Qd5 Qe7 9. Nxc7+ Kd8 10. Nxa8 b6 11. d3 Bb7 12. Nxb6 axb6 13. Qf3 Bg7 14.
Be3 b5 15. Bd5 Re8 16. c3 e4 17. dxe4 Nxe4 18. Rd1 Nf6 19. Bxc6 Bxc6 20.
Qxc6 f4 21. Qxb5 fxe3 22. Qb8# {Black checkmated} 1-0

[Event "GambitGuide"]
[Site "Internet Chess Club"]
[Date "2014.10.31"]
[Round "1"]
[White "JSBach"]
[Black "baggieboy"]
[Result "1-0"]
[ICCResult "Black checkmated"]
[WhiteElo "1602"]
[BlackElo "1255"]
[Opening "Vienna: `Frankenstein-Dracula' variation"]
[ECO "C27"]
[NIC "VG.02"]
[Time "12:51:52"]
[TimeControl "120+12"]

1. e4 e5 2. Nc3 Nf6 3. Bc4 Nxe4 4. Qh5 Nd6 5. Bb3 Nc6 6. Nb5 g6 7. Qf3 f5 8.
Qd5 Qe7 9. Nxc7+ Kd8 10. Nxa8 b6 11. d3 e4 12. dxe4 Ba6 13. Bf4 Nxe4 14. Be3
f4 15. f3 fxe3 16. Qxe4 Qc5 17. O-O-O Bh6 18. Rxd7+ Kxd7 19. Qe6+ Kd8 20.
Qf6+ Kd7 21. Be6+ Kd6 22. Bg4+ Kd5 23. Nc7+ Kc4 24. Qc3# {Black checkmated}
1-0

[Event "GambitGuide"]
[Site "Internet Chess Club"]
[Date "2014.10.31"]
[Round "1"]
[White "JSBach"]
[Black "Pdforma"]
[Result "1-0"]
[ICCResult "Black resigns"]
[WhiteElo "1611"]
[BlackElo "1400"]
[Opening "Vienna: `Frankenstein-Dracula' variation"]
[ECO "C27"]
[NIC "VG.02"]
[Time "12:51:55"]
[TimeControl "120+12"]

1. e4 e5 2. Nc3 Nf6 3. Bc4 Nxe4 4. Qh5 Nd6 5. Bb3 Nc6 6. Nb5 g6 7. Qf3 f5 8.
Qd5 Qe7 9. Nxc7+ Kd8 10. Nxa8 b6 11. d3 Bb7 12. Nxb6 axb6 13. Qf3 Kc7 14.
Bd2 Nd4 15. Qg3 f4 16. Qg4 h5 17. Qxg6 Rh6 18. Qg8 e4 19. Bxf4 exd3+ 20. Kf1
d2 21. Bxh6 Ba6+ 22. c4 Qe4 23. Bxd2 Qd3+ 24. Ke1 Bxc4 25. Bxc4 Qxc4 26. Rc1
Nc2+ 27. Rxc2 Qxc2 28. Qxf8 Ne4 29. Bf4+ Kc6 30. Qc8+ Kd5 31. Qxc2
{Black resigns}
1-0

[Event "GambitGuide"]
[Site "Internet Chess Club"]
[Date "2014.10.31"]
[Round "1"]
[White "JSBach"]
[Black "infiniteshug"]
[Result "0-1"]
[ICCResult "White checkmated"]
[WhiteElo "1611"]
[BlackElo "1482"]
[Opening "Vienna: `Frankenstein-Dracula' variation"]
[ECO "C27"]
[NIC "VG.02"]
[Time "12:51:55"]
[TimeControl "120+12"]

1. e4 e5 2. Nc3 Nf6 3. Bc4 Nxe4 4. Qh5 Nd6 5. Bb3 Nc6 6. Nb5 g6 7. Qf3 f5 8.
Qd5 Qe7 9. Nxc7+ Kd8 10. Nxa8 b6 11. d3 Bb7 12. Nxb6 axb6 13. Qf3 Nd4 14.
Qg3 f4 15. Qg4 Bg7 16. Ba4 Bf6 17. c3 Nc6 18. Bb3 g5 19. Qh5 Nf5 20. Qh3 Nh4
21. Bd5 Qc5 22. Bf7 Rf8 23. Bh5 Ne7 24. Nf3 Nxf3+ 25. Bxf3 d5 26. Qxh7 e4
27. d4 Qb5 28. Be2 Qc6 29. Bd2 b5 30. O-O-O Qb6 31. Rde1 Kd7 32. Qh6 Ra8 33.
Bxb5+ Qxb5 34. Qxf6 Rxa2 35. b3 Qxb3 36. Qxe7+ Kxe7 37. Rxe4+ dxe4 38. Rd1
Qc2# {White checkmated} 0-1

[Event "GambitGuide"]
[Site "Internet Chess Club"]
[Date "2014.10.31"]
[Round "1"]
[White "JSBach"]
[Black "lebko"]
[Result "1/2-1/2"]
[ICCResult "Game drawn because neither player has mating material"]
[WhiteElo "1611"]
[BlackElo "1864"]
[Opening "Vienna: `Frankenstein-Dracula' variation"]
[ECO "C27"]
[NIC "VG.02"]
[Time "12:47:16"]
[TimeControl "120+12"]

1. e4 e5 2. Nc3 Nf6 3. Bc4 Nxe4 4. Qh5 Nd6 5. Bb3 Nc6 6. Nb5 g6 7. Qf3 f5 8.
Qd5 Qe7 9. Nxc7+ Kd8 10. Nxa8 b6 11. d3 Bb7 12. Nxb6 axb6 13. Qf3 e4 14.
dxe4 Nxe4 15. Be3 Bg7 16. Bxb6+ Kc8 17. Qe3 Re8 18. c3 Bf6 19. Rd1 Bg5 20.
Qe2 Qf8 21. Bd5 Nc5 22. b4 Rxe2+ 23. Nxe2 Ne4 24. f3 Nf6 25. Bc4 Nxb4 26.
Rb1 Nc2+ 27. Kf1 Ne3+ 28. Bxe3 Bxe3 29. a4 Qc5 30. Bd3 Nd5 31. Rb3 Nf4 32.
Rb5 Qa3 33. Bc2 Nxe2 34. Kxe2 Ba6 35. Kxe3 Bxb5 36. axb5 Qxc3+ 37. Bd3 Qc5+
38. Ke2 Kb7 39. Kd1 Kb6 40. h4 Qf2 41. Bf1 d5 42. Kc1 d4 43. Kd1 d3 44. Bxd3
Qxg2 45. Rf1 Qg3 46. h5 Qd6 47. Kc2 gxh5 48. Rc1 Qe5 49. Kb1 h4 50. Rc6+ Kb7
51. Rh6 Qe1+ 52. Kc2 Qf2+ 53. Kc3 Qxf3 54. Rxh7+ Kb6 55. Rh6+ Kc5 56. Rxh4
f4 57. Rh8 Qf2 58. Rh5+ Kb6 59. Rh6+ Kb7 60. Be4+ Kb8 61. Kc4 Qe2+ 62. Bd3
Qe3 63. Rh7 f3 64. Rg7 f2 65. Rg8+ Kc7 66. Rg7+ Kd6 67. Rg6+ Ke5 68. Rg4
Qc1+ 69. Kb4 f1=Q 70. Bxf1 Qxf1 71. Rg5+ Kf6 72. Rd5 Qb1+ 73. Kc4 Qa2+ 74.
Kd4 Ke6 75. Re5+ Kf6 76. Rd5 Qa4+ 77. Kd3 Qb3+ 78. Kd4 Qb4+ 79. Kd3 Ke6 80.
Rg5 Qb1+ 81. Kd4 Qb2+ 82. Kd3 Qb1+ 83. Kd2 Qb2+ 84. Kd3 Kf6 85. Rc5 Qb1+ 86.
Kd4 Qg1+ 87. Kd5 Qg5+ 88. Kc6 Qd2 89. b6 Qb4 90. Rd5 Ke6 91. b7 Qc4+ 92. Kb6
Qxd5 93. b8=Q Qb3+ 94. Ka7 Qxb8+ 95. Kxb8
{Game drawn because neither player has mating material}
1/2-1/2

[Event "GambitGuide"]
[Site "Internet Chess Club"]
[Date "2014.10.31"]
[Round "1"]
[White "JSBach"]
[Black "Molineux"]
[Result "1-0"]
[ICCResult "Black resigns"]
[WhiteElo "1611"]
[BlackElo "1511"]
[Opening "Vienna: `Frankenstein-Dracula' variation"]
[ECO "C27"]
[NIC "VG.02"]
[Time "12:52:59"]
[TimeControl "120+12"]

1. e4 e5 2. Nc3 Nf6 3. Bc4 Nxe4 4. Qh5 Nd6 5. Bb3 Nc6 6. Nb5 g6 7. Qf3 f5 8.
Qd5 Qe7 9. Nxc7+ Kd8 10. Nxa8 b6 11. d3 Bb7 12. Nxb6 axb6 13. Qf3 Kc7 14.
Bd2 Nd4 15. Qg3 Nxb3 16. axb3 Bg7 17. Ne2 e4 18. Bg5 Qf7 19. Bf4 Qe6 20. Ra7
Rb8 21. d4 Kc8 22. Bxd6 {Black resigns} 1-0

[Event "GambitGuide"]
[Site "Internet Chess Club"]
[Date "2014.10.31"]
[Round "1"]
[White "JSBach"]
[Black "Heian"]
[Result "1-0"]
[ICCResult "Black resigns"]
[WhiteElo "1611"]
[BlackElo "1562"]
[Opening "Vienna: `Frankenstein-Dracula' variation"]
[ECO "C27"]
[NIC "VG.02"]
[Time "12:52:54"]
[TimeControl "120+12"]

1. e4 e5 2. Nc3 Nf6 3. Bc4 Nxe4 4. Qh5 Nd6 5. Bb3 Nc6 6. Nb5 g6 7. Qf3 f5 8.
Qd5 Qe7 9. Nxc7+ Kd8 10. Nxa8 b6 11. d3 Bb7 12. Nxb6 axb6 13. Qf3 Kc7 14.
Bd2 e4 15. Qe3 h5 16. Bd5 Bh6 17. f4 exf3 18. Qxe7 Nxe7 19. Bxb7 Bxd2+ 20.
Kxd2 Nxb7 21. Nxf3 Re8 22. Rae1 d6 23. Rhg1 Kd7 24. a3 Nc5 25. c4 Nb3+ 26.
Kc2 Na5 27. Nd4 Nac6 28. Kc3 Ne5 29. b3 Ra8 30. Ra1 g5 31. Rgf1 f4 32. h4 f3
33. Nxf3 Nxf3 34. Rxf3 gxh4 35. b4 Rg8 36. Rg1 Nf5 37. Rxf5 h3 38. Rf2 h2
39. Rh1 {Black resigns} 1-0

[Event "GambitGuide"]
[Site "Internet Chess Club"]
[Date "2014.10.31"]
[Round "1"]
[White "JSBach"]
[Black "lebko"]
[Result "1-0"]
[ICCResult "Black checkmated"]
[WhiteElo "1611"]
[BlackElo "1864"]
[Opening "Vienna: `Frankenstein-Dracula' variation"]
[ECO "C27"]
[NIC "VG.02"]
[Time "12:53:41"]
[TimeControl "120+12"]

1. e4 e5 2. Nc3 Nf6 3. Bc4 Nxe4 4. Qh5 Nd6 5. Bb3 Nc6 6. Nb5 g6 7. Qf3 f5 8.
Qd5 Qe7 9. Nxc7+ Kd8 10. Nxa8 b6 11. d3 Bb7 12. Nxb6 axb6 13. Qf3 e4 14.
dxe4 Nxe4 15. Be3 Bg7 16. Bxb6+ Kc8 17. Qe3 Re8 18. c3 Qf8 19. Kf1 Nxc3 20.
Qf4 Ne4 21. Qc7# {Black checkmated} 1-0

[Event "GambitGuide"]
[Site "Internet Chess Club"]
[Date "2014.10.31"]
[Round "1"]
[White "JSBach"]
[Black "baggieboy"]
[Result "1-0"]
[ICCResult "Black resigns"]
[WhiteElo "1611"]
[BlackElo "1255"]
[Opening "Vienna: `Frankenstein-Dracula' variation"]
[ECO "C27"]
[NIC "VG.02"]
[Time "12:53:19"]
[TimeControl "120+12"]

1. e4 e5 2. Nc3 Nf6 3. Bc4 Nxe4 4. Qh5 Nd6 5. Bb3 Nc6 6. Nb5 g6 7. Qf3 f5 8.
Qd5 Qe7 9. Nxc7+ Kd8 10. Nxa8 b6 11. d3 e4 12. dxe4 Bg7 13. Be3 Nxe4 14.
O-O-O Re8 15. Qxc6 {Black resigns} 1-0

[Event "GambitGuide"]
[Site "Internet Chess Club"]
[Date "2014.10.31"]
[Round "1"]
[White "JSBach"]
[Black "nsideurheadbro"]
[Result "1-0"]
[ICCResult "Black resigns"]
[WhiteElo "1611"]
[BlackElo "1184"]
[Opening "Vienna: `Frankenstein-Dracula' variation"]
[ECO "C27"]
[NIC "VG.02"]
[Time "12:53:18"]
[TimeControl "120+12"]

1. e4 e5 2. Nc3 Nf6 3. Bc4 Nxe4 4. Qh5 Nd6 5. Bb3 Nc6 6. Nb5 g6 7. Qf3 f5 8.
Qd5 Qe7 9. Nxc7+ Kd8 10. Nxa8 b6 11. d3 Bb7 12. Nxb6 axb6 13. Qf3 Nd4 14.
Qg3 f4 15. Qg4 f3 16. Nxf3 Nxf3+ 17. gxf3 Bg7 18. Be3 Nf5 19. Bxb6+ Kc8 20.
Qc4+ Bc6 21. Ba4 Nd6 22. Qc5 Kb7 23. Bxc6+ dxc6 24. Qb4 e4 25. Bd8+
{Black resigns}
1-0

[Event "GambitGuide"]
[Site "Internet Chess Club"]
[Date "2014.10.31"]
[Round "1"]
[White "JSBach"]
[Black "Pdforma"]
[Result "1-0"]
[ICCResult "Black resigns"]
[WhiteElo "1611"]
[BlackElo "1400"]
[Opening "Vienna: `Frankenstein-Dracula' variation"]
[ECO "C27"]
[NIC "VG.02"]
[Time "12:53:31"]
[TimeControl "120+12"]

1. e4 e5 2. Nc3 Nf6 3. Bc4 Nxe4 4. Qh5 Nd6 5. Bb3 Nc6 6. Nb5 g6 7. Qf3 f5 8.
Qd5 Qe7 9. Nxc7+ Kd8 10. Nxa8 b6 11. d3 Bb7 12. Nxb6 axb6 13. Qf3 e4 14.
dxe4 Nxe4 15. Be3 Bh6 16. Bxb6+ Kc8 17. Be3 Bxe3 18. Qxe3 Re8 19. Rd1 Qb4+
20. c3 Qf8 21. Ne2 Ne5 22. O-O Ng4 23. Qa7 Qh6 24. h3 Ng3 25. Nxg3 f4 26.
hxg4 fxg3 27. fxg3 {Black resigns} 1-0

[Event "GambitGuide"]
[Site "Internet Chess Club"]
[Date "2014.10.31"]
[Round "1"]
[White "JSBach"]
[Black "ChijFrioTico"]
[Result "1-0"]
[ICCResult "Black resigns"]
[WhiteElo "1625"]
[BlackElo "1400"]
[Opening "Vienna: `Frankenstein-Dracula' variation"]
[ECO "C27"]
[NIC "VG.02"]
[Time "12:53:48"]
[TimeControl "120+12"]

1. e4 e5 2. Nc3 Nf6 3. Bc4 Nxe4 4. Qh5 Nd6 5. Bb3 Nc6 6. Nb5 g6 7. Qf3 f5 8.
Qd5 Qe7 9. Nxc7+ Kd8 10. Nxa8 b6 11. d3 Bb7 12. Nxb6 axb6 13. Qf3 f4 14. Qg4
Bh6 15. Bd2 Nd4 16. Ba4 e4 17. Bc3 exd3+ 18. Kf1 Re8 19. Bxd4 {Black
resigns} 1-0

[Event "GambitGuide"]
[Site "Internet Chess Club"]
[Date "2014.10.31"]
[Round "1"]
[White "JSBach"]
[Black "Molineux"]
[Result "1-0"]
[ICCResult "Black resigns"]
[WhiteElo "1625"]
[BlackElo "1511"]
[Opening "Vienna: `Frankenstein-Dracula' variation"]
[ECO "C27"]
[NIC "VG.02"]
[Time "12:54:12"]
[TimeControl "120+12"]

1. e4 e5 2. Nc3 Nf6 3. Bc4 Nxe4 4. Qh5 Nd6 5. Bb3 Nc6 6. Nb5 g6 7. Qf3 f5 8.
Qd5 Qe7 9. Nxc7+ Kd8 10. Nxa8 b6 11. d3 Bb7 12. Nxb6 axb6 13. Qf3 Bg7 14.
Be3 Kc7 15. Bd5 Re8 16. c3 e4 17. dxe4 fxe4 18. Qh3 Ne5 19. Bxb7 Kxb7 20.
O-O-O Nec4 21. Qxh7 Nxe3 22. fxe3 Nc4 23. Qh3 Rh8 24. Rxd7+ Qxd7 25. Qxd7+
Ka6 26. Qxg7 {Black resigns} 1-0

[Event "GambitGuide"]
[Site "Internet Chess Club"]
[Date "2014.10.31"]
[Round "1"]
[White "JSBach"]
[Black "pajaroloco"]
[Result "1-0"]
[ICCResult "Black resigns"]
[WhiteElo "1625"]
[BlackElo "2185"]
[Opening "Vienna: `Frankenstein-Dracula' variation"]
[ECO "C27"]
[NIC "VG.02"]
[Time "12:54:46"]
[TimeControl "120+12"]

1. e4 e5 2. Nc3 Nf6 3. Bc4 Nxe4 4. Qh5 Nd6 5. Bb3 Nc6 6. Nb5 g6 7. Qf3 f5 8.
Qd5 Qe7 9. Nxc7+ Kd8 10. Nxa8 b6 11. d3 Bb7 12. Nxb6 axb6 13. Qf3 e4 14.
dxe4 Nxe4 15. Be3 Ng5 16. Qg3 f4 17. Qxf4 Bh6 18. Qh4 Qg7 19. O-O-O Qe5 20.
Qxh6 Nf7 21. Bxb6+ Kc8 22. Bxf7 {Black resigns} 1-0

[Event "GambitGuide"]
[Site "Internet Chess Club"]
[Date "2014.10.31"]
[Round "1"]
[White "JSBach"]
[Black "baggieboy"]
[Result "1-0"]
[ICCResult "Black resigns"]
[WhiteElo "1625"]
[BlackElo "1255"]
[Opening "Vienna: `Frankenstein-Dracula' variation"]
[ECO "C27"]
[NIC "VG.02"]
[Time "12:54:44"]
[TimeControl "120+12"]

1. e4 e5 2. Nc3 Nf6 3. Bc4 Nxe4 4. Qh5 Nd6 5. Bb3 Nc6 6. Nb5 g6 7. Qf3 f5 8.
Qd5 Qe7 9. Nxc7+ Kd8 10. Nxa8 b6 11. d3 Nb4 12. Bg5 Qxg5 13. Qxe5 Bh6 14.
Qxh8+ Ke7 15. Qe5+ Kf8 16. Qxd6+ Kg7 17. Qxb4 Ba6 18. Qd4+ {Black resigns}
1-0

[Event "GambitGuide"]
[Site "Internet Chess Club"]
[Date "2014.10.31"]
[Round "1"]
[White "JSBach"]
[Black "Pdforma"]
[Result "1-0"]
[ICCResult "Black checkmated"]
[WhiteElo "1625"]
[BlackElo "1400"]
[Opening "Vienna: `Frankenstein-Dracula' variation"]
[ECO "C27"]
[NIC "VG.02"]
[Time "12:55:04"]
[TimeControl "120+12"]

1. e4 e5 2. Nc3 Nf6 3. Bc4 Nxe4 4. Qh5 Nd6 5. Bb3 Nc6 6. Nb5 g6 7. Qf3 f5 8.
Qd5 Qe7 9. Nxc7+ Kd8 10. Nxa8 b6 11. d3 Bb7 12. Nxb6 axb6 13. Qf3 e4 14.
dxe4 fxe4 15. Qe3 h5 16. Qxb6+ Kc8 17. c4 Bg7 18. c5 Nf5 19. Bf4 d5 20. Bxd5
e3 21. Be6+ Qxe6 22. Qc7# {Black checkmated} 1-0

[Event "GambitGuide"]
[Site "Internet Chess Club"]
[Date "2014.10.31"]
[Round "1"]
[White "JSBach"]
[Black "nsideurheadbro"]
[Result "1-0"]
[ICCResult "Black checkmated"]
[WhiteElo "1625"]
[BlackElo "1184"]
[Opening "Vienna: `Frankenstein-Dracula' variation"]
[ECO "C27"]
[NIC "VG.02"]
[Time "12:55:20"]
[TimeControl "120+12"]

1. e4 e5 2. Nc3 Nf6 3. Bc4 Nxe4 4. Qh5 Nd6 5. Bb3 Nc6 6. Nb5 g6 7. Qf3 f5 8.
Qd5 Qe7 9. Nxc7+ Kd8 10. Nxa8 b6 11. d3 Bb7 12. Nxb6 axb6 13. Qf3 h6 14. Qg3
e4 15. Be3 g5 16. Bxb6+ Kc8 17. dxe4 Nxe4 18. Qc7# {Black checkmated} 1-0

[Event "GambitGuide"]
[Site "Internet Chess Club"]
[Date "2014.10.31"]
[Round "1"]
[White "JSBach"]
[Black "pajaroloco"]
[Result "1-0"]
[ICCResult "Black resigns"]
[WhiteElo "1625"]
[BlackElo "2185"]
[Opening "Vienna: `Frankenstein-Dracula' variation"]
[ECO "C27"]
[NIC "VG.02"]
[Time "12:55:47"]
[TimeControl "120+12"]

1. e4 e5 2. Nc3 Nf6 3. Bc4 Nxe4 4. Qh5 Nd6 5. Bb3 Nc6 6. Nb5 g6 7. Qf3 f5 8.
Qd5 Qe7 9. Nxc7+ Kd8 10. Nxa8 b6 11. d3 Bb7 12. Nxb6 axb6 13. Qf3 Bg7 14.
Be3 Kc7 15. Bd5 e4 16. Qf4 Be5 17. Qh6 exd3 18. cxd3 f4 19. Rc1 fxe3 20.
Qxe3 Bd4 21. Qxe7 Re8 22. Qxe8 Nxe8 23. Rc2 Kd6 24. Be4 Nb4 25. Rc4 Bxe4 26.
Rxd4+ Bd5 27. Rxb4 {Black resigns} 1-0

[Event "GambitGuide"]
[Site "Internet Chess Club"]
[Date "2014.10.31"]
[Round "1"]
[White "JSBach"]
[Black "Pdforma"]
[Result "1-0"]
[ICCResult "Black checkmated"]
[WhiteElo "1625"]
[BlackElo "1400"]
[Opening "Vienna: `Frankenstein-Dracula' variation"]
[ECO "C27"]
[NIC "VG.02"]
[Time "12:56:04"]
[TimeControl "120+12"]

1. e4 e5 2. Nc3 Nf6 3. Bc4 Nxe4 4. Qh5 Nd6 5. Bb3 Nc6 6. Nb5 g6 7. Qf3 f5 8.
Qd5 Qe7 9. Nxc7+ Kd8 10. Nxa8 b6 11. d3 Bb7 12. Nxb6 axb6 13. Qf3 e4 14. Qe3
Bg7 15. Qxb6+ Kc8 16. Ne2 exd3 17. cxd3 Nd4 18. Be3 Nxe2 19. Kxe2 f4 20.
Rhc1+ Kb8 21. Qa7# {Black checkmated} 1-0